 Dungeon Crawl Stone Soup version 0.29-a0-356-g7bc237e783 (webtiles) character file.

Game seed: 13629686987968721207

6290 Shayle the Nimble (level 10, -3/64 HPs)
             Began as a Tengu Brigand on Apr 26, 2022.
             Was an Initiate of Ashenzari.
             Slain by Fannar
             ... wielding a staff of cold
              (7 damage)
             ... on level 10 of the Dungeon.
             The game lasted 00:41:03 (11928 turns).

Shayle the Nimble (Tengu Brigand)                  Turns: 11928, Time: 00:41:05

Health: -3/64      AC:  9    Str: 13    XL:     10   Next: 94%
Magic:  21/21      EV: 17    Int: 21    God:    Ashenzari [......]
Gold:   148        SH:  0    Dex: 15    Spells: 22/22 levels left

rFire   . . .      SeeInvis .   k - +5 hand axe (elec)
rCold   + . .      Faith    .   (no shield)
rNeg    . . .      Spirit   .   y - +1 ring mail {rC+}
rPois   .          Reflect  .   (helmet restricted)
rElec   .          Harm     .   c - +2 cloak "Shackled Oblivion" {Fort, Elem} (curse)
rCorr   .          Rampage  .   (no gloves)
Will    .....                   (boots unavailable)
Stlth   +++.......              (no amulet)
HPRegen 0.20/turn               n - +6 ring of intelligence
MPRegen 0.17/turn               (no ring)

@: flying quickly and evasively, studying Staves, quick
A: beak, talons 3, nimble flight
a: Renounce Religion, Curse Item, Shatter the Chains


You were on level 10 of the Dungeon.
You worshipped Ashenzari.
Ashenzari was noncommittal.
You visited 2 branches of the dungeon, and saw 11 of its levels.

You collected 405 gold pieces.
You spent 257 gold pieces at shops.

Inventory:

Hand Weapons
 a - a +2 dagger
 k - a +5 hand axe of electrocution (weapon)
 q - a +1 hand axe of venom
 z - a +2 scimitar of electrocution
 G - the +5 mace of Dullness {protect, Str+2}
   (You found it on level 8 of the Dungeon)

   It grants its wielder temporary protection when it strikes (+7 to AC).
   Str:       It affects your strength (+2).
Missiles
 d - 25 poisoned darts (quivered)
 j - 3 atropa-tipped darts
 w - 2 curare-tipped darts
Armour
 b - a +0 robe
 c - the cursed +2 cloak "Shackled Oblivion" (worn) {Fort, Elem}

   It has a curse which improves the following skills: Fortitude: Armour and
   Shields.
   Elements:  Fire Magic, Ice Magic, Air Magic and Earth Magic.
 o - a +0 ring mail
 x - the +2 ice dragon scales of Kikubaaqudgha's Esteem {rF- rC++ Will+}
   (You found it on level 4 of the Dungeon)

   rF:        It makes you vulnerable to fire.
   rC:        It greatly protects you from cold.
   Will:      It increases your willpower.
 y - a +1 ring mail of cold resistance (worn)
Magical Staves
 m - a staff of earth
 v - a staff of death
Jewellery
 g - a ring of fire
 n - a +6 ring of intelligence (left hand)
Wands
 s - a wand of digging (9)
 D - a wand of acid (1)
 E - a wand of flame (24)
 F - a wand of paralysis (8)
Scrolls
 l - 5 scrolls of teleportation
 p - 3 scrolls of noise
 t - a scroll of enchant armour
 C - 2 scrolls of fear
 H - a scroll of amnesia
 I - a scroll of magic mapping
Potions
 e - 2 potions of degeneration
 f - 4 potions of attraction
 h - a potion of ambrosia {unknown}
 i - 5 potions of curing
 r - 3 potions of mutation
 u - a potion of brilliance
 A - a potion of might
 B - a potion of haste
 J - a potion of magic {unknown}


   Skills:
 + Level 7.9 Fighting
 - Level 2.1 Short Blades
 - Level 2.0 Throwing
 + Level 2.2(2.6) Armour
 + Level 8.4 Dodging
 - Level 7.0 Stealth
 + Level 2.0(2.4) Shields
 + Level 6.9 Spellcasting
 + Level 2.2(2.5) Fire Magic
 + Level 1.7(2.1) Ice Magic
 + Level 2.7(3.1) Air Magic
 + Level 4.0(4.4) Earth Magic


You had 22 spell levels left.
You didn't know any spells.
Your spell library contained the following spells:

 Spells                   Type           Power      Damage    Failure   Level
 Beastly Appendage        Tmut           14%        N/A       19%         1
 Summon Small Mammal      Summ           28%        N/A       19%         1
 Wereblood                Tmut           7%         N/A       28%         2
 Call Canine Familiar     Summ           7%         N/A       50%         3
 Confusing Touch          Hex            7%         N/A       50%         3
 Spider Form              Tmut/Pois      7%         N/A       50%         3
 Summon Guardian Golem    Hex/Summ       7%         N/A       50%         3
 Yara's Violent Unravell  Hex/Tmut       3%         3d4       99%         5
 Enfeeble                 Hex            3%         N/A       100%        7


Dungeon Overview and Level Annotations

Branches:
Dungeon (10/15)            Temple (1/1) D:7             Orc (0/2) D:10
   Lair: D:8-11

Altars:
Ashenzari
Cheibriados
Dithmenos
Elyvilon
Fedhas
Gozag
Hepliaklqana
Kikubaaqudgha
Makhleb
Nemelex Xobeh
Okawaru
Qazlal
Ru
Sif Muna
Trog
Uskayaw
Vehumet
Wu Jian
Xom
Yredelemnul
Zin
The Shining One

Shops:
D:2 ?   D:4 =?   D:8 ?

Annotations:
D:10 4 transporters, Fannar


Innate Abilities, Weirdness & Mutations

You have a beak for a mouth.
You have claws for feet.
Your magical nature lets you fly swiftly and evasively.


Message History

Fannar misses you.
You miss Fannar. Your kick misses Fannar.
Fannar is moderately wounded.
Fannar points at you and mumbles some strange words.
The bolt of cold hits you! You resist. Fannar hits you with a staff of cold.
Fannar freezes you.
You slash Fannar! Lightning courses through Fannar! Your kick misses Fannar.
Fannar is heavily wounded.
Fannar closely misses you.
You barely miss Fannar. Your kick misses Fannar.
Fannar is heavily wounded.
Fannar murmurs some mystic words to themself.
Fannar closely misses you.
You closely miss Fannar. You peck Fannar.
Fannar is heavily wounded.
Fannar misses you. Fannar hits you with a staff of cold. Fannar freezes you.
You barely miss Fannar. Your kick misses Fannar.
Fannar is heavily wounded.
Fannar misses you.
You slash Fannar! Your kick misses Fannar.
Fannar is severely wounded.
Fannar is no longer covered in acid.
Fannar misses you.
You hit Fannar but do no damage. You claw Fannar, but do no damage.
Fannar is severely wounded.
Fannar hits you but does no damage. Fannar freezes you.
You miss Fannar. Your kick misses Fannar.
Fannar is severely wounded.
Fannar says, "I shall freeze you to your soul!"
Fannar hits you with a staff of cold! Fannar freezes you.
Fannar hits you with a staff of cold.
* * * LOW HITPOINT WARNING * * *
Fannar freezes you!
* * * LOW HITPOINT WARNING * * *
Aiming: Corrosive Bolt
Press: ? - help, Shift-Dir - straight line, f/p - Fannar
Aim: Fannar, wielding a staff of cold and wearing a +2 robe of cold resistance (severely wounded, 53% to hit)
The bolt of acid misses Fannar.
Fannar hits you with a staff of cold.
* * * LOW HITPOINT WARNING * * *
Fannar freezes you!
You die...

### ##### ##### ..
.......... #..
...#...... #..
..#...#.. ...
..#.....
##.##....########
...#..©#....#......#
.....©.@..#.#......#
...#©.e#..#.#####..#
##.##..#.....'..##
... #.....##.#...#
[.. #####....#...#
..... #....#...#
######### #..).#..##
#......####.##.#..#
#..#........##.'..#


You could see Fannar.

Vanquished Creatures
  A two-headed ogre (D:10)
  A centaur warrior (D:10)
  A kobold demonologist (D:8)
  A troll (D:5)
  A wraith (D:5)
  5 yaks
  Grum (D:8)
  An ice beast (D:5)
  2 orc warriors (D:8)
  4 sky beasts
  3 wolves (D:8)
  2 centaurs
  4 kobold brigands
  3 bullfrogs
  A necrophage (D:7)
  7 scorpions
  4 wights (D:9)
  12 killer bees
  3 electric eels (D:10)
  A jelly (D:5)
  An orc priest (D:7)
  A hound (D:5)
  2 gnoll shamans
  3 iguanas
  Ijyb (D:3)
  Natasha (thrice) (D:3)
  8 orc wizards
  Terence (D:2)
  Robin (D:3)
  7 gnolls
  8 adders
  A shadow imp (D:6)
  A white imp (D:7)
  3 dart slugs
  22 orcs
  6 bats
  8 endoplasms
  4 giant cockroaches
  7 hobgoblins
  12 jackals
  16 kobolds
  4 quokkas
  4 ball pythons
  2 frilled lizards
  14 goblins
  6 rats
204 creatures vanquished.

Notes
Turn   | Place    | Note
-------+----------+-------------------------------------------
     0 | D:1      | Shayle the Tengu Brigand began the quest for the Orb.
     0 | D:1      | Reached XP level 1. HP: 12/12 MP: 2/2
   189 | D:1      | Reached XP level 2. HP: 14/17 MP: 3/3
   381 | D:1      | Found a faded altar of an unknown god.
   822 | D:1      | Reached XP level 3. HP: 17/22 MP: 5/5
   905 | D:1      | Reached skill level 1 in Spellcasting
  1255 | D:2      | Reached skill level 2 in Dodging
  1515 | D:2      | Reached XP level 4. HP: 27/27 MP: 5/7
  1553 | D:2      | Noticed Terence
  1556 | D:2      | Killed Terence
  1717 | D:2      | Found Oghih's Magic Scroll Shoppe.
  1942 | D:3      | Noticed Robin
  1945 | D:3      | Noticed a scorpion
  1997 | D:3      | Noticed Ijyb
  2005 | D:3      | Killed Ijyb
  2006 | D:3      | Gained mutation: Your magical nature lets you fly swiftly
                  | and evasively. [Tengu growth]
  2006 | D:3      | Reached XP level 5. HP: 32/32 MP: 8/8
  2066 | D:3      | Reached skill level 3 in Dodging
  2368 | D:4      | Reached skill level 5 in Stealth
  2496 | D:3      | Noticed Natasha
  2500 | D:3      | Killed Natasha
  2501 | D:3      | Reached XP level 6. HP: 37/37 MP: 10/10
  2634 | D:3      | Noticed Natasha
  2641 | D:3      | Killed Natasha
  2725 | D:3      | Killed Robin
  2821 | D:3      | Noticed Natasha
  2842 | D:3      | Killed Natasha
  3247 | D:4      | Reached XP level 7. HP: 43/43 MP: 12/12
  3321 | D:4      | Identified the +2 ice dragon scales of Kikubaaqudgha's
                  | Esteem {rF- rC++ Will+}
  3399 | D:4      | Found Moerr's Magic Scroll Shoppe.
  3407 | D:4      | Bought a scroll of teleportation for 30 gold pieces
  3407 | D:4      | Bought a scroll of identify for 20 gold pieces
  3407 | D:4      | Bought a scroll of identify for 20 gold pieces
  3407 | D:4      | Bought a scroll of enchant armour for 75 gold pieces
  3435 | D:4      | Found Caolempe's Jewellery Emporium.
  3872 | D:5      | Entered Level 5 of the Dungeon
  3886 | D:5      | Reached skill level 4 in Dodging
  4407 | D:5      | Noticed a troll
  4436 | D:5      | Killed a troll
  4437 | D:5      | Reached skill level 5 in Dodging
  4437 | D:5      | Reached XP level 8. HP: 30/48 MP: 14/14
  4457 | D:5      | Noticed a wraith
  4483 | D:5      | Killed a wraith
  4484 | D:5      | Reached skill level 5 in Fighting
  5719 | D:6      | Reached skill level 6 in Dodging
  5731 | D:6      | Reached XP level 9. HP: 55/55 MP: 17/17
  6017 | D:7      | Reached skill level 5 in Spellcasting
  6017 | D:7      | Reached skill level 1 in Earth Magic
  6168 | D:7      | Found a staircase to the Ecumenical Temple.
  6185 | Temple   | Entered the Ecumenical Temple
  6470 | Temple   | Became a worshipper of Ashenzari the Shackled
  7758 | D:8      | Noticed a kobold demonologist
  7766 | D:8      | Reached skill level 7 in Dodging
  7777 | D:8      | Killed a kobold demonologist
  8080 | D:8      | Noticed Grum
  8104 | D:8      | Reached XP level 10. HP: 23/63 MP: 20/20
  8105 | D:8      | Killed Grum
  9146 | D:8      | Identified the +5 mace of Dullness {protect, Str+2}
  9217 | D:8      | Found Dobrunk's Magic Scroll Shoppe.
  9227 | D:8      | Bought a scroll of amnesia for 56 gold pieces
  9227 | D:8      | Bought a scroll of magic mapping for 56 gold pieces
  9335 | D:8      | Found a sparkling altar of Nemelex Xobeh.
  9335 | D:8      | Found a sacrificial altar of Ru.
  9362 | D:8      | Reached skill level 8 in Dodging
  9592 | D:9      | Found an iron altar of Okawaru.
  9773 | D:9      | Found a stormy altar of Qazlal.
  9944 | D:9      | Reached skill level 1 in Air Magic
 10128 | D:9      | Reached skill level 1 in Fire Magic
 10188 | D:9      | Reached skill level 1 in Armour
 10188 | D:9      | Reached skill level 1 in Shields
 11175 | D:10     | Entered Level 10 of the Dungeon
 11412 | D:10     | Found a staircase to the Orcish Mines.
 11414 | D:10     | Noticed a centaur warrior
 11431 | D:10     | Killed a centaur warrior
 11432 | D:10     | Reached skill level 1 in Ice Magic
 11601 | D:10     | Found a transporter.
 11607 | D:10     | Found a transporter.
 11635 | D:10     | Noticed a two-headed ogre
 11655 | D:10     | Killed a two-headed ogre
 11906 | D:10     | Found a transporter.
 11910 | D:10     | Found a transporter.
 11911 | D:10     | Noticed Fannar
 11928 | D:10     | Slain by Fannar

Illustrated notes

Levels and vault maps discovered:
D:1:      minmay_arrival_loop, layout_basic, chequers_ecumenical_altar_simple
D:2:      layout_loops_cross, serial_shops, shop_scrolls, uniq_terence
D:3:      layout_loops_cross, uniq_ijyb, uniq_natasha, uniq_robin
D:4:      layout_basic, serial_shops, nicolae_lakefront_shop,
          nicolae_wooded_promenade
D:5:      layout_basic, minmay_manual_monstrance
D:6:      layout_cave_pools, kennysheep_generic_room_8
D:7:      layout_rooms, minmay_temple_entry_statues_pillars
D:8:      layout_layer_cave, gammafunk_temple_overflow_elements, serial_shops,
          nicolae_lakefront_shop, uniq_grum
D:9:      layout_layer_cave, kennysheep_mini, lemuel_tele_altar,
          chequers_serial_rivers_room_b
D:10:     layout_stronghold, orc_0_dummy, minivault_14, serial_nicolae_subway,
          nicolae_sub_station_metal, nicolae_sub_station_stone,
          nicolae_sub_station_crystal, uniq_fannar
Temple:   hc_temple_tempest_star

Skill      XL: |  1  2  3  4  5  6  7  8  9 10 |
---------------+-------------------------------+-----
Spellcasting   | 1 2 3 4 6 |  6.9
Dodging        | 2 3 5 6 7 8 |  8.4
Fighting       | 3 4 5 7 |  7.9
Stealth        | 5 6 7 |  7.0
Earth Magic    | 3 4 |  4.0
Air Magic      | 2 |  2.7
Fire Magic     | 2 |  2.2
Armour         | 2 |  2.2
Shields        | 2 |  2.0
Ice Magic      | 1 |  1.7
Short Blades   | |  2.1
Throwing       | |  2.0

Action                   |  1- 3 |  4- 6 |  7- 9 | 10-12 || total
-------------------------+-------+-------+-------+-------++-------
Melee: Dagger            |    83 |    86 |   236 |     1 ||   406
       Kick              |    19 |    28 |   115 |    37 ||   199
       Peck              |    12 |    11 |    53 |    29 ||   105
       Punch             |     2 |     1 |     4 |     4 ||    11
       Hand axe          |       |       |   108 |    27 ||   135
       Mace              |       |       |       |   120 ||   120
Throw: Dart              |       |    23 |    28 |    10 ||    61
Invok: Curse Item        |       |       |       |     1 ||     1
Evoke: Wand              |       |       |     5 |    10 ||    15
  Use: Scroll            |       |     1 |    15 |     4 ||    20
       Potion            |       |       |     4 |     2 ||     6
 Stab: Sleeping          |     4 |    10 |     3 |       ||    17
       Distracted        |     1 |       |       |       ||     1
Armor: Robe              |    21 |       |       |       ||    21
       Ring mail         |       |    17 |    53 |    69 ||   139
       Ice dragon scales |       |       |    74 |       ||    74
       Skin              |       |       |    15 |       ||    15
Dodge: Dodged            |    37 |    43 |   218 |   194 ||   492

Table legend: (Time is in decaauts)
 A = Elapsed time spent in this place.
 B = Non-inter-level travel time spent in this place.
 C = Inter-level travel time spent in this place.
 D = Time resting spent in this place.
 E = Time spent auto-exploring this place.
 F = Levels seen in this place.
 G = Mean time per level.
                   A        B        C        D        E       F      G
               +--------+--------+--------+--------+--------+-----+--------+
         Total |  11434 |  10999 |    435 |   2836 |   5610 |  11 | 1039.5 |
       Dungeon |  11168 |  10733 |    435 |   2836 |   5377 |  10 | 1116.8 |
        Temple |    265 |    265 |      0 |      0 |    233 |   1 |  265.0 |
               +--------+--------+--------+--------+--------+-----+--------+

Top non-repeatable levels by time:
     D:8: 2431 daAuts
     D:5: 1322 daAuts
     D:1: 1185 daAuts
     D:9: 1132 daAuts
     D:7: 1049 daAuts
     D:3: 935 daAuts
     D:4: 924 daAuts
     D:2: 799 daAuts
    D:10: 742 daAuts
     D:6: 645 daAuts
  Temple: 265 daAuts
